 Dungeon Crawl Stone Soup version 0.24.0-123-gd5b16e6ec5 (webtiles) character file.

Game seed: 12257849764787715556, levelgen mode: deterministic

49 Elellon the Chopper (level 3, 0/33 HPs)
             Began as a Deep Dwarf Fighter on Jan 14, 2020.
             Killed by divine providence
             ... invoked by an orc priest
              (12 damage)
             ... on level 2 of the Dungeon.
             The game lasted 00:01:09 (591 turns).

Elellon the Chopper (Deep Dwarf Fighter)             Turns: 591, Time: 00:01:10

Health: 0/33       AC:  6    Str: 20    XL:     3   Next: 53%
Magic:  3/3        EV:  7    Int:  8    God:
Gold:   104        SH:  9    Dex: 12    Spells: 2/2 levels left

rFire    . . .     SeeInvis .   a - +0 war axe
rCold    . . .     Gourm    .   c - +0 shield
rNeg     . . .     Faith    .   b - +0 scale mail
rPois    .         Spirit   .   (no helmet)
rElec    .         Reflect  .   (no cloak)
rCorr    .         Harm     .   (no gloves)
MR       .....                  (no boots)
Stlth    ..........             (no amulet)
HPRegen  0.00/turn              (no ring)
MPRegen  0.08/turn              (no ring)

@: non-regenerating
A: damage resistance, heal wounds, sense surroundings 1, no regeneration
a: Heal Wounds


You were on level 2 of the Dungeon.
You were not hungry.

You visited 1 branch of the dungeon, and saw 2 of its levels.

You collected 104 gold pieces.

Inventory:

Hand Weapons
 a - a +0 war axe (weapon)
Armour
 b - a +0 scale mail (worn)
 c - a +0 shield (worn)
Wands
 j - a wand of acid (10)
Scrolls
 e - 2 scrolls of identify {unknown}
 i - 2 scrolls of teleportation {unknown}
Potions
 d - a potion of might
 h - a potion of invisibility {unknown}
Comestibles
 f - 3 rations
 g - 5 chunks of flesh


   Skills:
 - Level 2.6 Fighting
 + Level 4.4 Axes
 - Level 3.2 Armour
 - Level 3.2 Shields


You had 2 spell levels left.
You didn't know any spells.
Your spell library was empty.

Dungeon Overview and Level Annotations

Branches:
Dungeon (2/15)

Altars:


Innate Abilities, Weirdness & Mutations

You are resistant to damage.
You can heal yourself by infusing magical energy.
You passively map a small area around you.
You do not regenerate.


Message History

An orc priest is nearby!
An orc priest is nearby!
Things that are here:
a jackal corpse; a rat corpse An orc priest comes into view.
It is wielding a +0 short sword.
The orc priest shouts!
You block the orc priest's attack.
The orc priest looks braver for a moment.
Things that are here:
a +0 trident; a scroll labeled ELIOGE JAGIUNO Your shield and scale mail prevent you from hitting the orc priest.
An orc comes into view. It is wielding a +0 whip.
The orc priest hits you with a +0 flail!
You closely miss the orc priest.
The orc shouts!
The orc priest barely misses you.
You hit the orc priest but do no damage.
The orc priest calls down the wrath of Beogh upon you.
Beogh smites you!
You die...

, #.(...[.# *#....# *
*#...÷# , * #....######
, , #.........#
#########...#####.# ,
.......)........#.#####
.......†..#.###.#.....#
#......†@.#.# # #####.#
** #......##o#.#
#.#...#.# #...... #o#.#
#.#.#.#.# #...... #.#
*#.....#.# * #......
#.o ###.#÷..# ,
#......, .., #.....#
#...... ... ###.#.#
####..., ..., * ###.#.#
#...#.#


You could see 2 orc priests and an orc.

Vanquished Creatures
  2 adders (D:2)
  An ooze (D:1)
  An orc (D:2)
  A bat (D:1)
  4 goblins
  3 hobgoblins
  4 jackals (D:2)
  3 kobolds (D:1)
  2 frilled lizards (D:1)
  3 rats
24 creatures vanquished.

Vanquished Creatures (others)
  5 toadstools (D:1)
5 creatures vanquished.

Grand Total: 29 creatures vanquished

Notes
Turn   | Place    | Note
-------+----------+-------------------------------------------
     0 | D:1      | Elellon the Deep Dwarf Fighter began the quest for the Orb.
     0 | D:1      | Reached XP level 1. HP: 20/20 MP: 1/1
   152 | D:1      | Reached skill level 3 in Axes
   225 | D:1      | Reached XP level 2. HP: 22/27 MP: 2/2
   450 | D:2      | Reached XP level 3. HP: 21/33 MP: 3/3
   467 | D:2      | Reached skill level 4 in Axes
   591 | D:2      | Killed from afar by an orc priest

Levels and vault maps discovered:
D:1:      ldierk_walled_garden, layout_basic, grunt_decor_one_mirror
D:2:      lemuel_upstairs_altar, layout_basic, old_standard_altar

Skill      XL: |  1  2  3 |
---------------+----------+-----
Axes           | 3 4 |  4.4
Fighting       | |  2.6
Armour         | |  3.2
Shields        | |  3.2

Action                   || total
-------------------------++-------
Melee: War axe           ||    63
Armor: Scale mail        ||    27
Dodge: Dodged            ||    21
Block: Shield            ||    40
